 Dungeon Crawl Stone Soup version 0.29.1-2-gbd0b4ee654 (webtiles) character file.

Game seed: 2907233559753417576

53 zeram the Caller (level 3, -1/31 HPs)
             Began as a Troll Summoner on Nov 2, 2022.
             Slain by an orc priest
             ... wielding a +0 club
              (4 damage)
             ... on level 3 of the Dungeon.
             The game lasted 00:03:11 (1694 turns).

zeram the Caller (Troll Summoner)                   Turns: 1694, Time: 00:03:12

Health: -1/31      AC:  4    Str: 16    XL:     3   Next: 62%
Magic:  3/3        EV: 10    Int: 13    God:
Gold:   44         SH:  0    Dex: 10    Spells: 1/4 levels left

rFire   . . .      SeeInvis .   c - +0 whip
rCold   . . .      Faith    .   (no shield)
rNeg    . . .      Spirit   .   a - +0 robe
rPois   .          Reflect  .   (helmet restricted)
rElec   .          Harm     .   (no cloak)
rCorr   .          Rampage  .   (gloves unavailable)
Will    .....                   (boots unavailable)
Stlth   +.........              (no amulet)
HPRegen 0.90/turn               (no ring)
MPRegen 0.08/turn               (no ring)

@: no status effects
A: large, unfitting armour, claws 3, regeneration 1, shaggy fur 1, tough skin 1
a: no special abilities


You were on level 3 of the Dungeon.
You visited 1 branch of the dungeon, and saw 3 of its levels.

You collected 44 gold pieces.

Inventory:

Hand Weapons
 c - a +0 whip (weapon)
 j - a +2 dagger of electrocution
Armour
 a - a +0 robe (worn)
Jewellery
 f - a ring of resist corrosion
Scrolls
 d - 2 scrolls of vulnerability
 g - 3 scrolls of amnesia {unknown}
 i - a scroll of magic mapping {unknown}
 k - a scroll of teleportation
 l - a scroll of enchant armour {unknown}
Potions
 b - a potion of magic
 e - 2 potions of brilliance {unknown}
 h - 2 potions of cancellation


   Skills:
 + Level 1.1 Maces & Flails
 + Level 1.9 Dodging
 - Level 1.0 Stealth
 + Level 1.3 Spellcasting
 + Level 3.6 Summonings


You had one spell level left.
You knew the following spells:

 Your Spells              Type           Power      Damage    Failure   Level
a - Summon Small Mammal   Summ           40%        N/A       6%          1
b - Call Imp              Summ           10%        N/A       10%         2

Your spell library contained the following spells:

 Spells                   Type           Power      Damage    Failure   Level
 Call Canine Familiar     Summ           10%        N/A       19%         3
 Summon Guardian Golem    Hex/Summ       5%         N/A       36%         3
 Summon Lightning Spire   Summ/Air       5%         N/A       78%         4
 Chain Lightning          Conj/Air       0%         N/A       100%        9
 Fire Storm               Conj/Fire      0%         5d1       100%        9
 Shatter                  Erth           0%         3d5*      100%        9


Dungeon Overview and Level Annotations

Branches:
Dungeon (3/15)

Altars:

Shops:
D:2 :


Innate Abilities, Weirdness & Mutations

You are too large for most types of armour.
You have claws for hands.
Your natural rate of healing is unusually fast.
You are covered in fur. (AC +1)
You have tough skin. (AC +1)


Message History

The orc priest is moderately wounded.
The orc hits you with a +0 dagger. The orc priest barely misses you.
You hit the orc priest.
The orc priest is heavily wounded.
The orc hits you with a +0 dagger. The orc priest hits you with a +0 club.
* * * LOW HITPOINT WARNING * * *
The orc hits you with a +0 mace.
* * * LOW HITPOINT WARNING * * *
You hit the orc priest.
The orc priest is severely wounded.
The orc closely misses you.
The orc priest mumbles some strange prayers to Beogh against you.
Pain shoots through your body!
* * * LOW HITPOINT WARNING * * *
The orc barely misses you.
You hit the orc priest.
The orc priest is almost dead.
The orc misses you.
The orc priest hits you but does no damage.
The orc hits you with a +0 mace.
* * * LOW HITPOINT WARNING * * *
Unknown command.
You hit the orc priest but do no damage.
The orc priest is almost dead.
The orc hits you with a +0 dagger.
* * * LOW HITPOINT WARNING * * *
The orc priest hits you but does no damage.
The orc closely misses you. x2
The orc priest miscasts a cantrip.
The orc hits you but does no damage.
You closely miss the orc priest.
The orc priest is almost dead.
The orc priest hits you but does no damage.
The orc closely misses you. The orc hits you with a +0 mace.
* * * LOW HITPOINT WARNING * * *
Unknown command.
You hit the orc priest.
The orc priest is almost dead.
The orc priest hits you with a +0 club.
You die...

.....# #.. .....
..### #...# ....
#...# ... #...# #..
#).(##### . #..
#........
....#.o######....##..
......o@.............
.##...o.....)........
#.#.!..............
.....#######........
# #### #...###..
#...# ## #...# #...#
### #...#


You could see an orc priest and 2 orcs.

Vanquished Creatures
  4 dart slugs
  An orc (D:3)
  3 endoplasms (D:1)
  3 giant cockroaches (D:1)
  9 goblins
  7 hobgoblins
  A ball python (D:1)
  2 bats (D:1)
  A frilled lizard (D:1)
  7 kobolds
  A rat (D:1)
39 creatures vanquished.

Notes
Turn   | Place    | Note
-------+----------+-------------------------------------------
     0 | D:1      | zeram the Troll Summoner began the quest for the Orb.
     0 | D:1      | Reached XP level 1. HP: 16/16 MP: 1/1
    24 | D:1      | Reached skill level 3 in Summonings
   141 | D:1      | Reached XP level 2. HP: 24/24 MP: 2/2
   464 | D:1      | Learned a level 2 spell: Call Imp
   557 | D:1      | Reached XP level 3. HP: 31/31 MP: 3/3
  1379 | D:2      | Reached skill level 1 in Maces & Flails
  1396 | D:2      | Found a faded altar of an unknown god.
  1450 | D:2      | Found Kippumi's Book Boutique.
  1694 | D:3      | Slain by an orc priest

Illustrated notes

Levels and vault maps discovered:
D:1:      shiori_shiawase, layout_basic, minivault_5, hangedman_feature_mirror,
          hex_intersection
D:2:      layout_basic, serial_shops, shop, hellmonk_ecumenical_altar_zigzags
D:3:      layout_loops_cross, nemelex_diamond_rough_becter

Skill      XL: |  1  2  3 |
---------------+----------+-----
Summonings     | 3 |  3.6
Maces & Flails | 1 |  1.1
Dodging        | |  1.9
Stealth        | |  1.0
Spellcasting   | |  1.3

Action                   || total
-------------------------++-------
Melee: Unarmed           ||    15
       Whip              ||   167
  Use: Scroll            ||     3
       Potion            ||     1
 Stab: Sleeping          ||     1
Armor: Robe              ||    51
Dodge: Dodged            ||    83
